 Dungeon Crawl Stone Soup version 0.31.0 (webtiles) character file.

Game seed: 16605283818900320620

89 qw the Shooter (level 4, -3/28 HPs)
             Began as a Gargoyle Hunter on Jan 19, 2024.
             Slain by Terence
             ... wielding a +0 falchion
              (5 damage)
             ... on level 3 of the Dungeon.
             The game lasted 00:00:08 (1972 turns).

qw the Shooter (Gargoyle Hunter)                    Turns: 1972, Time: 00:00:08

Health: -3/28      AC: 11    Str: 14    XL:     4   Next: 55%
Magic:  4/4        EV: 10    Int: 10    God:
Gold:   46         SH:  0    Dex: 15    Spells: 3/3 levels left

rFire   . . .        a - +0 shortbow
rCold   . . .        (shield currently unavailable)
rNeg    + + .        g - +0 ring mail
rPois   inf          (no helmet)
rElec   +            d - scarf {repulsion}
rCorr   .            i - +0 pair of gloves
SInv    .            h - +1 pair of boots
Will    .....        (no amulet)
Stlth   +            e - ring of positive energy
HPRegen 0.24/turn    (no ring)
MPRegen 0.09/turn

%: repel missiles
@: no status effects
A: sickness immunity, AC +3, negative energy resistance 1, electricity
resistance, torment resistance 1, petrification resistance
a: no special abilities


You were on level 3 of the Dungeon.
You visited 1 branch of the dungeon, and saw 3 of its levels.

You collected 102 gold pieces.
You spent 56 gold pieces at shops.


Innate Abilities, Weirdness & Mutations

You are immune to sickness and miasma.
Your stone body is resilient. (AC +3)
You are immune to poison.
You resist negative energy. (rN+)
You are resistant to electric shocks. (rElec)
You are resistant to unholy torment.
You are immune to petrification.


   Skills:
 - Level 3.0 Fighting
 + Level 5.4 Ranged Weapons
 - Level 1.0 Armour
 - Level 1.5 Dodging
 - Level 1.1 Stealth


You had 3 spell levels left.
You didn't know any spells.
Your spell library was empty.

Inventory:

Hand Weapons
 a - a +0 shortbow (weapon)
Armour
 d - a scarf of repulsion (worn)
 g - a +0 ring mail (worn)
 h - a +1 pair of boots (worn)
 i - a +0 pair of gloves (worn)
Jewellery
 e - a ring of positive energy (left hand)
Wands
 m - a wand of roots (12)
Scrolls
 c - a scroll of identify {unknown}
 j - a scroll of poison {unknown}
 l - a scroll of immolation {unknown}
Potions
 b - a potion of enlightenment {unknown}
 f - a potion of magic {unknown}
 k - a potion of heal wounds {unknown}
 n - a potion of curing {unknown}

Dungeon Overview and Level Annotations

Branches:
Dungeon (3/15)

Altars:

Shops:
D:2 [

Annotations:
D:3 Terence


Message History

The arrow hits Terence but does no damage.
Terence is moderately wounded.
Terence hits you with a +0 falchion.
You shoot an arrow.
The arrow hits Terence but does no damage.
Terence is moderately wounded.
Terence bares his teeth.
Terence hits you but does no damage.
You shoot an arrow. The arrow closely misses Terence.
Terence closely misses you. Terence hits you with a +0 falchion.
You shoot an arrow. The arrow hits Terence.
Terence is moderately wounded.
Terence hits you but does no damage.
You shoot an arrow. The arrow closely misses Terence.
Terence hits you but does no damage.
You shoot an arrow.
The arrow hits Terence but does no damage.
Terence is moderately wounded.
Terence misses you.
You shoot an arrow.
The arrow hits Terence but does no damage.
Terence is moderately wounded.
Terence shouts, "Now you die!" Terence hits you with a +0 falchion. x2
You shoot an arrow. The arrow hits Terence.
Terence is heavily wounded.
Terence closely misses you.
You shoot an arrow.
The arrow hits Terence but does no damage.
Terence is heavily wounded.
Terence barely misses you.
You shoot an arrow. The arrow hits Terence.
Terence is severely wounded.
Terence closely misses you.
You shoot an arrow.
The arrow hits Terence but does no damage.
Terence is severely wounded.
Terence hits you with a +0 falchion.
You die...
Terence says, "That felt goooood."

#.......##
###..##.#..#
#...###.#..#
###.##.....####
####...........#
#...##...#..##.#
#.#.##.........#
.######%#....#.#.....#
.....)@@######.#.#####
######### #...# #####


You could see Terence.

Vanquished Creatures
  2 adders (D:3)
  2 ribbon worms
  A dart slug (D:3)
  6 orcs
  5 endoplasms
  2 giant cockroaches (D:1)
  7 goblins
  5 hobgoblins
  2 jackals (D:3)
  6 kobolds
  A quokka (D:2)
  7 ball pythons
  2 bats
  3 frilled lizards
  A rat (D:1)
52 creatures vanquished.

Notes
Turn   | Place    | Note
-------+----------+-------------------------------------------
     0 | D:1      | qw the Gargoyle Hunter began the quest for the Orb.
     0 | D:1      | Reached XP level 1. HP: 12/12 MP: 1/1
     0 | D:1      | 0 ||| qw: Version: 0.3-a-132-g3d54051
     0 | D:1      | 0 ||| qw: Game counter: 404
     0 | D:1      | 0 ||| qw: Melee chars always use a shield: true
     0 | D:1      | 0 ||| qw: God list: Okawaru
     0 | D:1      | 0 ||| qw: Allow faded altars: false
     0 | D:1      | 0 ||| qw: Do Orc after clearing Dungeon:15 true
     0 | D:1      | 0 ||| qw: Do second Lair branch before Depths: true
     0 | D:1      | 0 ||| qw: Lair rune preference: random
     0 | D:1      | 0 ||| qw: Goals: Normal
     0 | D:1      | 0 ||| PLANNING D:1-11
   118 | D:1      | Reached XP level 2. HP: 17/17 MP: 2/2
  1007 | D:1      | 1007 ||| UPGRADING to scarf of repulsion.
  1012 | D:1      | 1012 ||| UPGRADING to +0 pair of boots.
  1017 | D:1      | 1017 ||| UPGRADING to ring of positive energy.
  1018 | D:1      | 1018 ||| READING scroll labelled WITTIM NUUCAUG.
  1023 | D:1      | 1023 ||| READING scroll labelled XEF FOIGHIEG.
  1024 | D:1      | 1024 ||| READING scroll labelled ETEL ZEMEZOYX.
  1024 | D:1      | 1024 ||| ENCHANTING +0 pair of boots.
  1025 | D:1      | 1025 ||| DROPPING scroll of butterflies.
  1060 | D:2      | Reached XP level 3. HP: 21/21 MP: 3/3
  1121 | D:2      | Identified the +5 quarterstaff of the Assorted Queens
                  | {pain, Dex+5}
  1232 | D:2      | Reached skill level 5 in Ranged Weapons
  1344 | D:2      | Found Laffuyt's Armour Shoppe.
  1351 | D:2      | 1351 ||| BUYING +0 ring mail (56 gold).
  1351 | D:2      | Bought a +0 ring mail for 56 gold pieces
  1351 | D:2      | 1351 ||| SHOPLISTING +1 helmet of intelligence (231 gold,
                  | have 2).
  1351 | D:2      | 1351 ||| SHOPLISTING +2 ring mail of poison resistance (252
                  | gold, have 2).
  1351 | D:2      | 1351 ||| SHOPLISTING +3 leather armour of fire resistance
                  | (336 gold, have 2).
  1492 | D:2      | 1492 ||| UPGRADING to +0 ring mail.
  1502 | D:2      | 1502 ||| DROPPING +0 leather armour.
  1503 | D:2      | 1503 ||| UPGRADING to +0 pair of gloves.
  1508 | D:2      | 1508 ||| READING 2 scrolls labelled NEBLOU SICI.
  1509 | D:2      | 1509 ||| DROPPING scroll of revelation.
  1557 | D:3      | Reached skill level 1 in Armour
  1572 | D:3      | Found a faded altar of an unknown god.
  1589 | D:3      | Reached skill level 3 in Fighting
  1589 | D:3      | Reached XP level 4. HP: 28/28 MP: 4/4
  1835 | D:3      | 1835 ||| FLEEEEING.
  1949 | D:3      | Noticed Terence
  1968 | D:3      | HP: 5/28 [Terence/+0 falchion (6)]
  1968 | D:3      | HP: 1/28 [Terence/+0 falchion (4)]
  1972 | D:3      | Slain by Terence

Levels and vault maps discovered:
D:1:      dpeg_arrival_boxorama, layout_basic, st_stairs_6,
          roderic_serpentine_path
D:2:      minmay_chambers_of_ones, layout_rooms, serial_shops,
          nicolae_shop_advertising_works [nicolae_subvault_shop_adworks],
          minmay_octomino_j4
D:3:      layout_basic, jmf_multi_god_temple,
          hellmonk_ecumenical_altar_arch_garden, nicolae_the_louvre,
          uniq_terence

Skill      XL: |  1  2  3 |
---------------+----------+-----
Ranged Weapons | 5 |  5.4
Armour         | 1 |  1.0
Fighting       | 3 |  3.0
Dodging        | |  1.5
Stealth        | |  1.1

Action                     |  1- 3 |  4- 6 || total
---------------------------+-------+-------++-------
   Fire: Shortbow          |    97 |    86 ||   183
    Use: Scroll            |     4 |       ||     4
 Armour: Leather armour    |     9 |       ||     9
         Ring mail         |       |    47 ||    47
  Dodge: Dodged            |     9 |    32 ||    41

Table legend:
 A = Non-vault XP
 B = Vault XP
 C = Vault XP percentage of total XP
 D = Non-vault monster count
 E = Vault monster count
 F = Vault count percentage of total count
                 A         B        C        D         E       F
            +---------+---------+-------+---------+---------+-------
      Total |     113 |      15 |  11.7 |      43 |       9 |  17.3
            +---------+---------+-------+---------+---------+-------
        D:1 |      29 |       2 |   6.5 |      18 |       2 |  10.0
        D:2 |      19 |      13 |  40.6 |       8 |       7 |  46.7
        D:3 |      65 |       0 |   0.0 |      17 |       0 |   0.0
            +---------+---------+-------+---------+---------+-------
